 Dungeon Crawl Stone Soup version 0.30-a0-1085-g990a428a5c (webtiles) character file.

Game seed: 17875987783680123991

28908 freelancePsychic the Fighter (level 13, -10/90 (106) HPs)
             Began as a Demonspawn Fire Elementalist on Apr 16, 2023.
             Was a High Priest of Ru.
             Mangled by Rupert
             ... wielding a +1 vampiric triple sword
              (16 damage)
             ... on level 4 of the Lair of Beasts.
             The game lasted 00:38:04 (19192 turns).

freelancePsychic the Fighter (DsFE)                Turns: 19192, Time: 00:38:04

HP:   -10/90 (106)  AC: 26    Str:  9    XL:     13   Next: 12%
MP:   1/20          EV: 17    Int: 21    God:    Ru [*****.]
Gold: 944           SH:  9    Dex: 23    Spells: 13/22 levels left

rFire   + . .      SeeInvis .    c - +1 demon whip (venom)
rCold   + . .      Faith    .    (no shield)
rNeg    . . .      Spirit   .    F - +2 robe {rF+}
rPois   .          Reflect  +    o - +0 helmet
rElec   .          Rampage  .    j - +2 cloak
rCorr   .                        (no gloves)
Will    +....                    J - +0 pair of boots of Deangun {rC+ Dex+3}
Stlth   ++                       K - amulet of reflection
HPRegen 0.35/turn                w - ring of willpower
MPRegen 0.17/turn                n - +6 ring of dexterity

@: exhausted, sanguine armoured, heavily drained, unable to read
A: claws 2, icemail 2, inability to read after injury 2, inability to use
devices, hated by all, inability to train armour, sanguine armour 2,
condensation shield
a: Renounce Religion, Draw Out Power, Power Leap, Apocalypse


You were on level 4 of the Lair of Beasts.
You worshipped Ru.
Ru was extremely pleased with you.
You visited 3 branches of the dungeon, and saw 16 of its levels.

You collected 944 gold pieces.

Inventory:

Hand Weapons
 c - a +1 demon whip of venom (weapon)
Missiles
 u - 7 curare-tipped darts
 C - 2 throwing nets
Armour
 j - a +2 cloak (worn)
 o - a +0 helmet (worn)
 F - a +2 robe of fire resistance (worn)
 G - a +1 kite shield of protection
 J - the +0 pair of boots of Deangun (worn) {rC+ Dex+3}
   (You found it on level 9 of the Dungeon)

   Dex:       It affects your dexterity (+3).
   rC:        It protects you from cold.
Jewellery
 h - a +6 ring of strength
 n - a +6 ring of dexterity (right claw)
 p - an amulet of guardian spirit
 v - a ring of magical power
 w - a ring of willpower (left claw)
 K - an amulet of reflection (around neck)
Scrolls
 a - a scroll of identify {@r1}
 b - 4 scrolls of enchant armour
 g - 4 scrolls of fog
 q - 4 scrolls of blinking
 s - 3 scrolls of teleportation {@r4}
 y - 2 scrolls of amnesia
 E - a scroll of immolation
 H - a scroll of enchant weapon
 I - a scroll of magic mapping
Potions
 d - 4 potions of might
 e - 2 potions of resistance
 f - 2 potions of invisibility
 i - 4 potions of attraction {unknown}
 k - a potion of experience {unknown}
 l - 2 potions of heal wounds {@q2}
 m - 5 potions of curing {@q1}
 r - a potion of mutation
 t - 6 potions of flight {unknown}
 x - 2 potions of degeneration {unknown}
 z - 2 potions of berserk rage
 A - 2 potions of ambrosia {unknown}
 B - 2 potions of haste {unknown}
 D - 3 potions of cancellation {unknown}
 L - 2 potions of brilliance {unknown}


   Skills:
 + Level 11.2 Fighting
 + Level 7.0 Dodging
 - Level 1.7 Stealth
 * Level 9.7 Shields
 - Level 5.0 Spellcasting
 - Level 6.5 Conjurations
 - Level 5.0 Hexes
 - Level 1.5 Translocations
 - Level 10.7 Fire Magic


You had 13 spell levels left.
You knew the following spells:

 Your Spells              Type           Power      Damage    Failure   Level
a - Foxfire               Conj/Fire      100%       2x1d9     1%          1
b - Scorch                Fire           100%       2d9       1%          2
c - Inner Flame           Hex/Fire       38%        N/A       1%          3
d - Volatile Blastmotes   Fire/Tloc      62%        2d15      2%          3

Your spell library contained the following spells:

 Spells                   Type           Power      Damage    Failure   Level
 Kiss of Death            Conj/Necr      72%        2d10      2%          1
 Flame Wave               Conj/Fire      41%        2d11      3%          4
 Confusing Touch          Hex            26%        N/A       4%          3
 Stone Arrow              Conj/Erth      36%        3d9       9%          3
 Beastly Appendage        Tmut           10%        N/A       11%         1
 Sandblast                Erth           10%        2d5       11%         1
 Cigotuvi's Dreadful Rot  Necr/Pois/Air  10%        N/A       16%         2
 Passwall                 Tmut/Erth      4%         N/A       16%         2
 Wereblood                Tmut           5%         N/A       16%         2
 Frozen Ramparts          Ice            10%        1d2       32%         3
 Ozocubu's Armour         Ice            5%         N/A       32%         3
 Spider Form              Tmut/Pois      5%         N/A       32%         3
 Dispel Undead            Necr           5%         3d7       71%         4
 Ice Form                 Ice/Tmut       5%         N/A       71%         4
 Ozocubu's Refrigeration  Ice            2%         4d8       100%        7
 Summon Ice Beast         Ice/Summ       Unusable   N/A       N/A         4
 Death Channel            Necr           Unusable   N/A       N/A         6

Dungeon Overview and Level Annotations

Branches:
Dungeon (11/15)            Temple (1/1) D:6            Lair (4/5) D:10
  Swamp (0/4) Lair:3       Spider (0/4) Lair:2        Slime (0/5) Lair:4
    Orc: D:9-12

Altars:
Ashenzari
Cheibriados
Dithmenos
Gozag
Kikubaaqudgha
Makhleb
Nemelex Xobeh
Okawaru
Qazlal
Ru
Sif Muna
Trog
Uskayaw
Vehumet
Wu Jian
Xom

Shops:
D:11 [

Annotations:
D:9 exclusion: oklob plant
Lair:2 Gastronok
Lair:4 Rupert


Innate Abilities, Weirdness & Mutations

You have very sharp fingernails.
A meltable icy envelope protects you from harm. (AC +8)
You sometimes lose the ability to read scrolls when taking damage.
You cannot study or use magical devices.
You are hated by all.
You cannot train Armour skill.
When seriously injured, your blood forms thick armour. (AC +9)
A meltable shield of frost defends you. (SH +4)


Message History

Casting: Inner Flame (safe; 1% risk of failure)
Confirm with . or Enter, or press ? or * to list all spells.
Flames lash Rupert.
Rupert is almost dead.
Rupert's fire resistance burns away.
Rupert roars wildly at you.
You easily resist.
Casting: Scorch (safe; 1% risk of failure)
Confirm with . or Enter, or press ? or * to list all spells.
Flames lash Rupert.
Rupert is burned terribly!
Rupert is almost dead.
Rupert roars madly and goes into a rage!
Rupert goes berserk!
Casting: Scorch (safe; 1% risk of failure)
Confirm with . or Enter, or press ? or * to list all spells.
Flames lash Rupert.
Rupert is burned terribly!
Rupert is almost dead.
Rupert hits you with a +1 vampiric triple sword!!
You feel threatened and lose the ability to read scrolls!
Your blood congeals into armour.
Casting: Scorch (safe; 1% risk of failure)
Confirm with . or Enter, or press ? or * to list all spells.
Flames lash Rupert.
Rupert is burned terribly!
Rupert is almost dead.
Rupert is stunned by your conviction and fails to attack.
Rupert hits you with a +1 vampiric triple sword!!
* * * LOW HITPOINT WARNING * * *
Casting: Scorch (safe; 1% risk of failure)
Confirm with . or Enter, or press ? or * to list all spells.
You don't have enough magic to cast this spell.
You barely miss Rupert.
Rupert is almost dead.
Rupert hits you with a +1 vampiric triple sword!
* * * LOW HITPOINT WARNING * * *
Rupert draws strength from your wounds!
You barely miss Rupert.
Rupert is almost dead.
You block Rupert's attack.
Rupert hits you with a +1 vampiric triple sword!
You die...

*****,******,,***,*#<#.##..#,**,,
,,,,,<,,,,,**,,,,,##........,,,,,
*,,,,*,*,,****,,,*#†.÷##.##.,,**,
*,,*****,** *,,,,*##..#****,,,***
*,,,* **,,* **,*,* #..# *,,,**
**,,* *,,** *,,***##.## **,,,*
**,** **,*####,,###..# **,**
**,,****,##....##....# **,,**
,,,,,*,,,......@@....# *,,,,*
,*,,,,,,,........#...# **,,,**
,,,*,**,,.......####.#* **,*,*
,,,,****,.......* #..#*****,,***
,,,** **,......#** #....,,,,,,,*
*,,* *,,......*,**#.....****,**
**,* *,,......,,,,,..###* *,,*
*,,* **,......,,,,,,** **,** **,*
*,,,,,,,,,,,,,,* *,,,*


You could see Rupert (berserk, extremely poisoned, combustible).

Vanquished Creatures
  Harold (D:11)
  A hydra (Lair:4)
  Fannar (Lair:3)
  A two-headed ogre (D:7)
  A boulder beetle (Lair:2)
  Urug (D:10)
  Amaemon (D:8)
  Lodul (D:11)
  3 lindwurms (Lair:1)
  Pikel (D:7)
  A cyclops (D:11)
  3 elephants (Lair:3)
  5 black mambas
  An orange demon (D:8)
  16 cane toads
  8 komodo dragons
  A rime drake (Lair:1)
  A troll (D:10)
  3 hornets
  A shadow (D:10)
  A wraith (D:11)
  18 yaks
  6 wyverns
  Grum (D:8)
  Eustachio (D:6)
  2 basilisks
  4 swamp worms (Lair:3)
  An acid dragon (D:11)
  9 water moccasins
  4 orc warriors
  2 ice beasts
  A sky beast (D:8)
  6 black bears
  13 wolves
  2 centaurs
  6 ogres
  A phantom (D:6)
  4 lemures (D:7)
  5 bullfrogs
  A kobold brigand (D:9)
  A gnoll sergeant (D:9)
  2 scorpions
  15 wights
  3 electric eels (Lair:3)
  2 howler monkeys
  6 orc priests
  8 hounds
  Crazy Yiuf (D:2)
  2 gnoll boudas
  A jelly (D:7)
  Jessica (D:2)
  A sleepcap (D:8)
  4 iguanas
  12 orc wizards
  An ogre zombie (D:11)
  Robin (D:3)
  5 adders
  28 gnolls
  A shadow imp (D:5)
  2 white imps (D:7)
  An ufetubus (D:7)
  A worm (D:6)
  2 dart slugs
  25 orcs
  3 bats
  9 endoplasms
  4 giant cockroaches
  11 goblins
  11 hobgoblins
  2 jackals (D:1)
  6 quokkas
  9 ball pythons
  6 frilled lizards
  11 kobolds
  An orc zombie (D:11)
  9 rats
348 creatures vanquished.

Vanquished Creatures (others)
  A wolf (D:7)
  246 foxfires
  13 fungi
  32 plants
292 creatures vanquished.

Grand Total: 640 creatures vanquished

Notes
Turn   | Place    | Note
-------+----------+-------------------------------------------
     0 | D:1      | freelancePsychic the Demonspawn Fire Elementalist began the
                  | quest for the Orb.
     0 | D:1      | Reached XP level 1. HP: 13/13 MP: 3/3
   247 | D:1      | Gained mutation: When seriously injured, your blood forms
                  | armour. (AC +9) [demonic ancestry]
   247 | D:1      | Reached XP level 2. HP: 20/20 MP: 0/5
   656 | D:1      | Reached skill level 1 in Fighting
   789 | D:1      | Learned a level 2 spell: Scorch
   951 | D:1      | Reached XP level 3. HP: 21/26 MP: 3/6
  1903 | D:2      | Noticed Jessica
  1915 | D:2      | Killed Jessica
  1916 | D:2      | Reached XP level 4. HP: 8/32 MP: 0/7
  2124 | D:2      | Reached skill level 1 in Translocations
  2426 | D:2      | Found a runed translucent door.
  2427 | D:2      | Noticed Crazy Yiuf
  2686 | D:2      | Killed Crazy Yiuf
  2687 | D:2      | Reached XP level 5. HP: 16/38 MP: 2/9
  2936 | D:3      | Reached skill level 2 in Fighting
  3047 | D:3      | Learned a level 3 spell: Volatile Blastmotes
  3260 | D:3      | Noticed Robin
  3271 | D:3      | Killed Robin
  3777 | D:4      | Noticed an ogre
  4040 | D:3      | Learned a level 3 spell: Inner Flame
  4085 | D:3      | Gained mutation: A meltable shield of frost defends you.
                  | (SH +4) [demonic ancestry]
  4085 | D:3      | Reached XP level 6. HP: 37/46 MP: 2/10
  4258 | D:4      | Reached skill level 1 in Hexes
  4350 | D:3      | Reached skill level 5 in Fire Magic
  4426 | D:4      | Reached skill level 3 in Fighting
  4561 | D:4      | Gained mutation: A meltable icy envelope protects you from
                  | harm. (AC +8) [demonic ancestry]
  4561 | D:4      | Reached XP level 7. HP: 26/52 MP: 6/11
  5354 | D:5      | Entered Level 5 of the Dungeon
  5366 | D:5      | Noticed a hornet
  5757 | D:4      | Reached skill level 4 in Fighting
  5858 | D:5      | Killed a hornet
  5859 | D:5      | Reached XP level 8. HP: 47/60 MP: 0/12
  6469 | D:6      | Found a bloodstained altar of Trog.
  6742 | D:6      | Found a staircase to the Ecumenical Temple.
  6761 | Temple   | Entered the Ecumenical Temple
  6861 | Temple   | Became a worshipper of Ru the Awakened
  6870 | D:6      | Reached skill level 5 in Fighting
  7498 | D:6      | Noticed Eustachio
  7544 | D:6      | Killed Eustachio
  7545 | D:6      | Gained mutation: When seriously injured, your blood forms
                  | thick armour. (AC +9) [demonic ancestry]
  7545 | D:6      | Reached XP level 9. HP: 54/68 MP: 0/13
  7663 | D:6      | Reached skill level 5 in Hexes
  7755 | D:6      | Found a broken altar of Ashenzari.
  8388 | D:7      | Reached skill level 6 in Fighting
  8461 | D:7      | Noticed Pikel
  8716 | D:7      | Killed Pikel
  8905 | D:7      | Gained mutation: You are hated by all. [Ru sacrifice]
  8905 | D:7      | Reached * piety under Ru
  9201 | D:7      | Found a radiant altar of Vehumet.
  9205 | D:7      | Found an opulent altar of Gozag.
  9210 | D:7      | Found a shimmering blue altar of Sif Muna.
  9250 | D:7      | Noticed a two-headed ogre
  9459 | D:7      | Killed a two-headed ogre
  9460 | D:7      | Reached skill level 7 in Fighting
  9460 | D:7      | Gained mutation: You have sharp fingernails. [demonic
                  | ancestry]
  9460 | D:7      | Reached XP level 10. HP: 79/79 MP: 2/17
  9853 | D:8      | Reached skill level 5 in Spellcasting
  9876 | D:7      | Reached skill level 10 in Fire Magic
 10388 | D:8      | Noticed Grum
 10395 | D:8      | Killed Grum
 10524 | D:8      | Noticed Amaemon
 10531 | D:8      | Noticed an orange demon
 10534 | D:8      | Killed Amaemon
 10545 | D:8      | Killed an orange demon
 10753 | D:8      | Reached skill level 8 in Fighting
 11216 | D:9      | Found an iron altar of Okawaru.
 11851 | D:9      | Noticed an oklob plant
 11994 | D:9      | Gained mutation: You cannot train Armour skill. [Ru
                  | sacrifice]
 11994 | D:9      | Reached ** piety under Ru
 11994 | D:9      | Reached *** piety under Ru
 12034 | D:9      | Identified the +0 pair of boots of Deangun {rC+ Dex+3}
 12138 | D:10     | Entered Level 10 of the Dungeon
 12149 | D:10     | Reached skill level 1 in Shields
 12427 | D:10     | Noticed Urug
 12432 | D:10     | Killed Urug
 12433 | D:10     | Gained mutation: You have very sharp fingernails. [demonic
                  | ancestry]
 12433 | D:10     | Reached XP level 11. HP: 78/87 MP: 8/18
 12550 | D:10     | Found a staircase to the Lair.
 12941 | D:10     | Found a burning altar of Makhleb.
 12986 | D:11     | Found Foiru's Armour Shop.
 13009 | D:11     | Reached skill level 5 in Conjurations
 13042 | D:11     | Noticed Lodul
 13098 | D:11     | Noticed Harold
 13247 | D:11     | Killed Lodul
 13447 | D:11     | Killed Harold
 13448 | D:11     | Reached skill level 9 in Fighting
 13450 | D:11     | Noticed a centaur warrior
 13563 | Lair:1   | Entered Level 1 of the Lair of Beasts
 13815 | Lair:1   | Upgraded the game from 0.30-a0-1082-g70414cbcbb to
                  | 0.30-a0-1085-g990a428a5c
 14116 | D:10     | Reached skill level 5 in Shields
 14484 | Lair:1   | Noticed a lindwurm
 14484 | Lair:1   | Noticed a lindwurm
 14500 | Lair:1   | Killed a lindwurm
 14553 | Lair:1   | Killed a lindwurm
 14934 | Lair:1   | Noticed a lindwurm
 14946 | Lair:1   | Killed a lindwurm
 15259 | Lair:2   | Gained mutation: You cannot study or use magical devices.
                  | [Ru sacrifice]
 15259 | Lair:2   | Reached **** piety under Ru
 15259 | Lair:2   | Reached ***** piety under Ru
 15405 | Lair:2   | Gained mutation: A meltable icy envelope protects you from
                  | harm. (AC +8) [demonic ancestry]
 15405 | Lair:2   | Reached XP level 12. HP: 82/97 MP: 10/19
 15617 | Lair:2   | Noticed a boulder beetle
 15629 | Lair:2   | Killed a boulder beetle
 15630 | Lair:2   | Reached skill level 5 in Dodging
 15811 | Lair:2   | Reached skill level 10 in Fighting
 16105 | Lair:2   | Noticed Gastronok
 16380 | Lair:2   | Found a hole to the Spider Nest.
 17696 | Lair:3   | Noticed Fannar
 17755 | Lair:3   | Killed Fannar
 18135 | Lair:3   | Reached skill level 11 in Fighting
 18741 | Lair:3   | Gained mutation: You occasionally lose the ability to read
                  | scrolls when taking damage. [Ru sacrifice]
 18741 | Lair:3   | Gained mutation: You sometimes lose the ability to read
                  | scrolls when taking damage. [Ru sacrifice]
 18794 | Lair:3   | Found a staircase to the Swamp.
 18958 | Lair:4   | Reached XP level 13. HP: 70/106 MP: 14/20
 19177 | Lair:4   | Noticed Rupert
 19192 | Lair:4   | Mangled by Rupert

Illustrated notes

Levels and vault maps discovered:
D:1:      wander_arrival_abandoned_jail, layout_loops_ring
D:2:      layout_loops_corners, chequers_garden, st_stairs_4,
          nicolae_figureground_pulse, uniq_jessica, uniq_crazy_yiuf_cottage
D:3:      layout_basic, basic_ecumenical_altar, minivault_11,
          kennysheep_generic_room_3, uniq_robin
D:4:      layout_loops_ring
D:5:      layout_loops_cross
D:6:      layout_gridville, trog_ov_bears_minmay, old_standard_altar,
          temple_fountains, cheibrodos_sewer_entry_sluice, feat_on_display,
          uniq_eustachio
D:7:      layout_rooms, grunt_temple_overflow_diamond, uniq_pikel
D:8:      layout_cave_pools, uniq_grum, uniq_amaemon
D:9:      layout_rooms, okawaru_ov_weapons_minmay,
          mainiacjoe_overflow_concentric_impassable, tgw_fedhas
D:10:     layout_rooms, lemuel_round_altar, lair_entry_dummy, uniq_urug
D:11:     layout_gridville, zombieorc2_lemuel, serial_shops, nicolae_shop_trees,
          uniq_lodul, uniq_snorg, uniq_harold
Temple:   nicolae_temple_ecumenical_triangle
Lair:1:   layout_regular_city, nicolae_lair_lindhole
Lair:2:   layout_big_grid, dummy_spider_entry, wad_woods_road_01, uniq_gastronok
Lair:3:   layout_loops_ring, nicolae_swamp_entry_splash_gauntlet,
          pdpol_lair_cavern_descent, uniq_fannar
Lair:4:   layout_small_grid, minmay_slime_entry_pillars,
          nicolae_volcano_entry_vermiform, serial_bayou_pond_e, uniq_rupert

Skill      XL: |  1  2  3  4  5  6  7  8  9 10 11 12 13 |
---------------+----------------------------------------+-----
Fire Magic     | 3 4 5 6 8 9 10 | 10.7
Fighting       | 1 2 3 4 5 7 8 9 11 | 11.2
Translocations | 1 |  1.5
Spellcasting   | 3 4 5 |  5.0
Hexes          | 2 3 4 5 |  5.0
Conjurations   | 4 6 |  6.5
Dodging        | 2 4 6 7 |  7.0
Shields        | 2 6 9 |  9.7
Stealth        | |  1.7

Action                     |  1- 3 |  4- 6 |  7- 9 | 10-12 | 13-15 || total
---------------------------+-------+-------+-------+-------+-------++-------
  Melee: Unarmed           |    18 |       |       |       |       ||    18
         Punch             |     1 |       |     1 |     2 |       ||     4
         Dagger            |     7 |     5 |       |       |       ||    12
         Flail             |       |    46 |    64 |     9 |       ||   119
         Demon whip        |       |       |       |   168 |    19 ||   187
   Cast: Foxfire           |    40 |    11 |    36 |    51 |     1 ||   139
         Scorch            |    20 |    64 |    95 |   193 |    15 ||   387
         Volatile Blastmot |       |     3 |     7 |       |       ||    10
         Inner Flame       |       |       |    31 |   112 |    10 ||   153
 Invoke: Sacrifice Love    |       |       |     1 |       |       ||     1
         Sacrifice Durabil |       |       |       |     1 |       ||     1
         Draw Out Power    |       |       |       |     2 |     1 ||     3
         Sacrifice Artific |       |       |       |     1 |       ||     1
         Sacrifice Words   |       |       |       |     1 |       ||     1
         Apocalypse        |       |       |       |       |     1 ||     1
  Evoke: Wand              |       |       |     4 |     2 |       ||     6
    Use: Potion            |     2 |     1 |     1 |       |       ||     4
         Scroll            |     1 |     2 |     5 |     7 |     4 ||    19
   Stab: Invisible         |       |       |     2 |       |       ||     2
         Sleeping          |       |       |       |     2 |       ||     2
         Paralysed         |       |       |       |       |     6 ||     6
         Distracted        |       |       |       |       |     1 ||     1
 Armour: Robe              |    14 |    27 |    78 |    99 |     5 ||   223
  Dodge: Dodged            |    44 |    59 |   114 |   161 |    12 ||   390
  Block: Other             |       |     6 |    35 |    86 |     6 ||   133

Table legend: (Time is in decaauts)
 A = Elapsed time spent in this place.
 B = Non-inter-level travel time spent in this place.
 C = Inter-level travel time spent in this place.
 D = Time resting spent in this place.
 E = Time spent auto-exploring this place.
 F = Levels seen in this place.
 G = Mean time per level.
                   A        B        C        D        E       F      G
               +--------+--------+--------+--------+--------+-----+--------+
         Total |  19312 |  18719 |    593 |   2732 |  13044 |  16 | 1207.0 |
       Dungeon |  13887 |  13384 |    503 |   2176 |   9232 |  11 | 1262.5 |
        Temple |    105 |    101 |      4 |      0 |     82 |   1 |  105.0 |
          Lair |   5319 |   5233 |     86 |    556 |   3729 |   4 | 1329.8 |
               +--------+--------+--------+--------+--------+-----+--------+

Top non-repeatable levels by time:
  Lair:3: 2295 daAuts
     D:7: 1877 daAuts
     D:2: 1636 daAuts
     D:6: 1633 daAuts
  Lair:1: 1429 daAuts
  Lair:2: 1427 daAuts
     D:3: 1400 daAuts
     D:4: 1305 daAuts
     D:9: 1289 daAuts
     D:1: 1228 daAuts
     D:5: 1112 daAuts
     D:8: 978 daAuts
    D:10: 944 daAuts
    D:11: 480 daAuts
  Lair:4: 168 daAuts
